 Dungeon Crawl Stone Soup version 0.23-a0-395-gcf17ac6 (webtiles) character file.

23 MisterFreud the Charlatan (level 3, -9/20 HPs)
             Began as a Kobold Artificer on Nov 1, 2018.
             Mangled by a gnoll
             ... wielding a +0 flail
              (12 damage)
             ... on level 1 of the Dungeon.
             The game lasted 00:02:16 (547 turns).

MisterFreud the Charlatan (Kobold Artificer)         Turns: 547, Time: 00:02:17

Health: -9/20      AC:  5    Str:  9    XL:     3   Next: 10%
Magic:  5/5        EV: 14    Int: 12    God:
Gold:   38         SH:  0    Dex: 16    Spells: 2/2 levels left

rFire    . . .     SeeInvis .   a - +0 short sword
rCold    . . .     Gourm    .   (shield restricted)
rNeg     . . .     Faith    .   b - +0 leather armour
rPois    .         Spirit   .   o - +1 hat
rElec    .         Reflect  .   n - +0 cloak
rCorr    .         Harm     .   (no gloves)
MR       .....                  (no boots)
Stlth    ++........             (no amulet)
HPRegen  0.06/turn              (no ring)
MPRegen  0.09/turn              (no ring)

@: no status effects
A: small, carnivore
a: no special abilities


You were on level 1 of the Dungeon.
You were completely stuffed.

You visited 1 branch of the dungeon, and saw 1 of its levels.

You collected 38 gold pieces.

Inventory:

Hand Weapons
 a - a +0 short sword (weapon)
Missiles
 g - 25 bolts
 k - 20 sling bullets
 l - 25 stones (quivered)
 m - 25 arrows
Armour
 b - a +0 leather armour (worn)
 n - a +0 cloak (worn)
 o - a +1 hat (worn)
 p - a +0 buckler
Wands
 c - a wand of flame (14)
 d - a wand of enslavement (15)
 e - a wand of random effects (14)
Scrolls
 h - a scroll of remove curse {unknown}
 i - a scroll of immolation {unknown}
 j - a scroll of magic mapping {unknown}
Potions
 r - a potion of agility {unknown}
Comestibles
 f - a ration
 q - a chunk of flesh


   Skills:
 - Level 1.1 Fighting
 + Level 2.8 Short Blades
 - Level 2.4 Dodging
 + Level 3.0 Stealth
 - Level 3.6 Evocations


You had 2 spell levels left.
You didn't know any spells.
Your spell library was empty.

Dungeon Overview and Level Annotations

Branches:
Dungeon (1/15)

Altars:
Nemelex Xobeh


Innate Abilities, Weirdness & Mutations

You are small and have problems with some larger weapons.
You are carnivorous and can eat meat at any time.


Message History

The gnoll is severely wounded.
The gnoll barely misses you.
You hit the gnoll.
The gnoll is almost dead.
The gnoll hits you but does no damage.
You barely miss the gnoll.
The gnoll is almost dead.
The gnoll hits you but does no damage.
You barely miss the gnoll.
The gnoll is almost dead.
The gnoll hits you with a +0 flail!
Ouch! That really hurt!
* * * LOW HITPOINT WARNING * * *
You barely miss the gnoll.
The gnoll is almost dead.
You barely miss the gnoll.
The gnoll is almost dead.
The gnoll hits you with a +0 flail!
Ouch! That really hurt!
You die...

#..#..#......
#.........#..
####..##..###.#
#........####.#
###...#...##..# ##
#.....#...... #.
###.#......#.##
#.###.......†....#.
#.@g...........##..
######.............
...###.........
...##....# #.........
...#...#####.........
.....#...............
.......................
.#.#.#...#.####.........
...#.#.....####.........


You could see a gnoll.

Vanquished Creatures
  A dart slug (D:1)
  A leopard gecko (D:1)
  4 goblins (D:1)
  7 bats (D:1)
  4 kobolds (D:1)
  5 rats (D:1)
22 creatures vanquished.

Notes
Turn   | Place    | Note
-------+----------+-------------------------------------------
     0 | D:1      | MisterFreud the Kobold Artificer began the quest for the
                  | Orb.
     0 | D:1      | Reached XP level 1. HP: 12/12 MP: 3/3
    44 | D:1      | Reached XP level 2. HP: 15/16 MP: 4/4
   262 | D:1      | Found a sparkling altar of Nemelex Xobeh.
   440 | D:1      | Reached XP level 3. HP: 19/20 MP: 5/5
   547 | D:1      | Mangled by a gnoll

Vault maps used:
D:1:      minmay_arrival_diagonal_passages, st_stairs_12,
          chequers_serial_rivers_micro_b, minmay_misc_feat_ornament,
          nemelex_xobeh_ov_fountains_minmay

Skill      XL: |  1  2  3 |
---------------+----------+-----
Stealth        | 2 3 |  3.0
Short Blades   | 2 |  2.8
Fighting       | |  1.1
Dodging        | |  2.4
Evocations     | |  3.6

Action                   || total
-------------------------++-------
Melee: Short sword       ||    85
Evoke: Wand              ||     2
 Stab: Sleeping          ||     2
  Eat: Chunk             ||     7
Armor: Leather armour    ||    34
Dodge: Dodged            ||    77

Table legend:
 A = Non-vault XP
 B = Vault XP
 C = Vault XP percentage of total XP
 D = Non-vault monster count
 E = Vault monster count
 F = Vault count percentage of total count
                 A         B        C        D         E       F
            +---------+---------+-------+---------+---------+-------
      Total |      32 |       1 |   3.0 |      21 |       1 |   4.5
            +---------+---------+-------+---------+---------+-------
        D:1 |      32 |       1 |   3.0 |      21 |       1 |   4.5
            +---------+---------+-------+---------+---------+-------
